 Dungeon Crawl Stone Soup version 0.30-a0-1066-g63dfefce0d (webtiles) character file.

Game seed: 5336050911268236009

422 xian the Vexing (level 6, 0/40 (43) HPs)
             Began as a Demonspawn Enchanter on Apr 13, 2023.
             Slain by a wight
             ... wielding a +2 spear of freezing
              (5 damage)
             ... on level 5 of the Dungeon.
             The game lasted 00:11:08 (4102 turns).

xian the Vexing (Demonspawn Enchanter)              Turns: 4102, Time: 00:11:08

HP:   0/40 (43)     AC:  6    Str: 14    XL:     6   Next: 63%
MP:   4/9           EV: 12    Int: 19    God:
Gold: 164           SH:  0    Dex: 13    Spells: 5/10 levels left

rFire   + . .      SeeInvis .    v - +9 short sword "Pamm" {flame, rPois rF+}
rCold   + . .      Faith    .    (no shield)
rNeg    . . .      Spirit   .    x - +0 leather armour
rPois   +          Reflect  .    (helmet restricted)
rElec   .          Rampage  .    A - +0 cloak
rCorr   .                        (no gloves)
Will    .....                    u - +1 pair of boots
Stlth   ++                       g - amulet of the acrobat
HPRegen 0.26/turn                w - ring of protection from cold
MPRegen 0.11/turn                b - +6 ring of strength

@: confusing by touch, drained
A: horns 1, ignite blood 1, demonic magic 1
a: no special abilities


You were on level 5 of the Dungeon.
You visited 1 branch of the dungeon, and saw 5 of its levels.
You also visited: Sewer.

You collected 356 gold pieces.
You spent 192 gold pieces at shops.

Inventory:

Hand Weapons
 v - the +9 short sword "Pamm" (weapon) {flame, rPois rF+}
   (You bought it in a shop on level 3 of the Dungeon)

   rF:        It protects you from fire.
   rPois:     It protects you from poison.
Missiles
 m - 8 poisoned darts
 B - 4 atropa-tipped darts
Armour
 h - a +0 ring mail of cold resistance
 n - a +2 chain mail of cold resistance
 u - a +1 pair of boots (worn)
 x - a +0 leather armour (worn)
 A - a +0 cloak (worn)
Magical Staves
 t - a staff of cold
Jewellery
 b - a +6 ring of strength (right hand)
 g - an amulet of the acrobat (around neck)
 w - a ring of protection from cold (left hand)
Wands
 y - a wand of iceblast (5)
Scrolls
 d - a scroll of fear
 e - 6 scrolls of identify
 l - 4 scrolls of teleportation
 p - a scroll of silence
 s - a scroll of torment
Potions
 a - a potion of attraction {unknown}
 c - 2 potions of invisibility
 f - 4 potions of curing
 i - a potion of berserk rage
 j - 4 potions of flight
 k - 2 potions of heal wounds
 o - 2 potions of degeneration {unknown}
 q - a potion of cancellation {unknown}
 r - 2 potions of lignification {unknown}
 z - a potion of mutation


   Skills:
 + Level 1.6 Fighting
 + Level 3.1 Short Blades
 + Level 1.2 Armour
 + Level 2.8 Dodging
 + Level 3.9 Stealth
 + Level 2.6 Spellcasting
 + Level 4.0 Hexes
 + Level 1.1 Ice Magic


You had 5 spell levels left.
You knew the following spells:

 Your Spells              Type           Power      Damage    Failure   Level
a - Ensorcelled Hibernat  Hex/Ice        24%        N/A       10%         2
b - Confusing Touch       Hex            17%        N/A       11%         3

Your spell library contained the following spells:

 Spells                   Type           Power      Damage    Failure   Level
 Tukima's Dance           Hex            17%        N/A       11%         3
 Dazzling Flash           Conj/Hex       20%        N/A       26%         3
 Metabolic Englaciation   Hex/Ice        6%         N/A       88%         5
 Petrify                  Tmut/Erth      2%         N/A       89%         4
 Statue Form              Tmut/Erth      1%         N/A       100%        6


Dungeon Overview and Level Annotations

Branches:
Dungeon (5/15)              Sewer (visited)
 Temple: D:4-7

Altars:
Fedhas
Qazlal
Sif Muna

Shops:
D:3 (


Innate Abilities, Weirdness & Mutations

You have a pair of small horns on your head.
Your demonic aura sometimes causes spilled blood to erupt in flames.
Spells you cast may paralyse adjacent enemies.


Message History

Casting: Ensorcelled Hibernation (safe; 11% risk of failure)
Confirm with . or Enter, or press ? or * to list all spells.
Your hands begin to glow red.
Malevolent energies surge around you.
The wight suddenly stops moving!
The helpless wight fails to defend itself.
You hit the wight but do no damage.
The wight appears confused.
The helpless wight fails to defend itself.
You puncture the wight! You burn the wight.
You destroy the wight!
Your Short Blades skill increases to level 3!
Casting: Confusing Touch (dangerous; 11% risk of failure)
Confirm with . or Enter, or press ? or * to list all spells.
Okay, then.
You hit the wight. You burn the wight. Your headbutt misses the wight.
The wight is moderately damaged.
The wight hits you with a +4 morningstar!
Casting: Confusing Touch (dangerous; 11% risk of failure)
Confirm with . or Enter, or press ? or * to list all spells.
Your hands begin to glow red.
Malevolent energies surge around you.
The wight suddenly stops moving!
The helpless wight fails to defend itself.
You hit the wight but do no damage.
You headbutt the wight, but do no damage.
The wight is moderately damaged.
The wight closely misses you.
The helpless wight fails to defend itself.
You hit the wight but do no damage. You headbutt the wight.
The wight is moderately damaged.
The wight is no longer paralysed.
The wight hits you with a +4 morningstar!
You feel drained.
The wight hits you from afar with a +2 spear of freezing!
You feel drained.
* * * LOW HITPOINT WARNING * * *
The wight freezes you.
* * * LOW HITPOINT WARNING * * *
The wight hits you with a +4 morningstar.
* * * LOW HITPOINT WARNING * * *
The wight hits you from afar with a +2 spear of freezing.
You die...

.##... ........... ....
...... #......#..?# .#..
......#...........## .#...
#.z....... ......##.....
.........# ....#......
.........# #......#
..r.zz..## #.....#
....5.<..# ##†....#
..........# #@†....#
#.............zz..........
..........................
..#...............#.......
. #....#.###.###..........
##....## ### ##.........
#.... #......... ##.......


You could see 2 wights.

Vanquished Creatures
  A scorpion (D:4)
  2 wights
  Crazy Yiuf (D:4)
  A sickly merfolk siren (Sewer)
  A malarious merfolk avatar (Sewer)
  Robin (D:4)
  A gnoll (D:4)
  3 river rats (Sewer)
  3 adders
  A dart slug (D:4)
  3 orcs
  7 endoplasms
  4 giant cockroaches (D:4)
  17 goblins
  10 hobgoblins
  4 jackals (D:5)
  7 quokkas
  7 ball pythons
  2 bats
  10 frilled lizards
  4 kobolds
  21 rats
111 creatures vanquished.

Notes
Turn   | Place    | Note
-------+----------+-------------------------------------------
     0 | D:1      | xian the Demonspawn Enchanter began the quest for the Orb.
     0 | D:1      | Reached XP level 1. HP: 13/13 MP: 3/3
   273 | D:1      | Gained mutation: Your demonic aura sometimes causes spilled
                  | blood to erupt in flames. [demonic ancestry]
   273 | D:1      | Reached XP level 2. HP: 19/19 MP: 5/5
   276 | D:1      | Learned a level 2 spell: Ensorcelled Hibernation
   492 | D:1      | Reached skill level 1 in Short Blades
  1171 | D:2      | Reached XP level 3. HP: 13/24 MP: 3/6
  1800 | D:3      | Found a blossoming altar of Fedhas.
  1952 | D:3      | Found Puurch's Antique Weapon Emporium.
  2242 | D:3      | Found a stormy altar of Qazlal.
  2245 | D:3      | Found a faded altar of an unknown god.
  2447 | D:3      | Bought a crystal short sword for 192 gold pieces
  2447 | D:3      | Identified the +9 short sword "Pamm" {flame, rPois rF+}
                  | (You bought it in a shop on level 3 of the Dungeon)
  2493 | D:4      | Found a glowing drain.
  2497 | D:4      | Gained mutation: You have a pair of small horns on your
                  | head. [demonic ancestry]
  2497 | D:4      | Reached XP level 4. HP: 29/31 MP: 7/7
  2518 | Sewer    | Entered a sewer
  2733 | Sewer    | Reached skill level 1 in Fighting
  2744 | Sewer    | Reached XP level 5. HP: 37/37 MP: 8/8
  3240 | D:4      | Noticed Robin
  3341 | D:4      | Killed Robin
  3562 | D:4      | Found a runed translucent door.
  3564 | D:4      | Noticed Crazy Yiuf
  3664 | D:4      | Found a shimmering blue altar of Sif Muna.
  3820 | D:4      | Killed Crazy Yiuf
  3873 | D:5      | Entered Level 5 of the Dungeon
  3949 | D:4      | Learned a level 3 spell: Confusing Touch
  3959 | D:4      | Reached skill level 1 in Ice Magic
  3959 | D:4      | Gained mutation: Spells you cast may paralyse adjacent
                  | enemies. [demonic ancestry]
  3959 | D:4      | Reached XP level 6. HP: 37/43 MP: 1/9
  3960 | D:4      | Reached skill level 1 in Armour
  4084 | D:5      | Reached skill level 4 in Hexes
  4102 | D:5      | Slain by a wight

Illustrated notes

Levels and vault maps discovered:
D:1:      denvon_arrival_planthouse, layout_basic, kennysheep_pointless_box,
          minmay_misc_feat_square
D:2:      layout_loops_cross, chequers_serial_rivers_room_a
D:3:      layout_loops_cross, old_standard_altar, fedhas_altar_1,
          mainiacjoe_overflow_cross_hatched, shapermc_ecumenical_altar_pompeii,
          serial_shops, shop
D:4:      layout_loops_ring, mainiacjoe_overflow_divided_tiny,
          portal_sewer_entry_f, uniq_robin, uniq_crazy_yiuf_cottage
D:5:      layout_layer_cave, lemuel_flamethrower_2

Skill      XL: |  1  2  3  4  5  6 |
---------------+-------------------+-----
Stealth        | 3 |  3.9
Short Blades   | 1 2 3 |  3.1
Dodging        | 2 |  2.8
Fighting       | 1 |  1.6
Ice Magic      | 1 |  1.1
Armour         | 1 |  1.2
Hexes          | 4 |  4.0
Spellcasting   | |  2.6

Action                     |  1- 3 |  4- 6 || total
---------------------------+-------+-------++-------
  Melee: Dagger            |   117 |       ||   117
         Punch             |     2 |       ||     2
         Short sword       |     5 |   139 ||   144
         Headbutt          |       |    11 ||    11
   Cast: Ensorcelled Hiber |    11 |     8 ||    19
         Confusing Touch   |       |     3 ||     3
    Use: Scroll            |     6 |     1 ||     7
   Stab: Sleeping          |    14 |     4 ||    18
         Paralysed         |       |     4 ||     4
         Confused          |       |     1 ||     1
 Armour: Robe              |    15 |    21 ||    36
         Leather armour    |       |    20 ||    20
  Dodge: Dodged            |    54 |   114 ||   168

Table legend: (Time is in decaauts)
 A = Elapsed time spent in this place.
 B = Non-inter-level travel time spent in this place.
 C = Inter-level travel time spent in this place.
 D = Time resting spent in this place.
 E = Time spent auto-exploring this place.
 F = Levels seen in this place.
 G = Mean time per level.
                   A        B        C        D        E       F      G
               +--------+--------+--------+--------+--------+-----+--------+
         Total |   4128 |   3929 |    199 |      0 |   2867 |   6 |  688.0 |
       Dungeon |   3593 |   3394 |    199 |      0 |   2591 |   5 |  718.6 |
         Sewer |    534 |    534 |      0 |      0 |    276 |   1 |  534.0 |
               +--------+--------+--------+--------+--------+-----+--------+

Top non-repeatable levels by time:
     D:4: 1122 daAuts
     D:1: 914 daAuts
     D:2: 865 daAuts
     D:3: 659 daAuts
   Sewer: 534 daAuts
     D:5: 32 daAuts
